Map: Abyssal Reef LE

Players

Bawsk - Winner!

  • Race: Terran Terran
  • Spawn Location: 11:00

Hut

  • Race: Protoss Protoss
  • League: Silver
  • Spawn Location: 5:00

VOD

Have the link to the VOD?

Description

I dont know why I meme

Time

  • Played on: Jan. 2, 2018, 6 p.m.
  • Length: 14:01
Show
View Real Time Build Order
Export as new Build Order

Bawsk Terran - Winner!

Build Orders: Command Center First (CC) 

Get SALT Encoding   

  12  0:01  SCV  
  14  0:14  SCV  
  14  0:18  Supply Depot  
  14  0:27  SCV  
  15  0:32  Refinery  
  15  0:42  Engineering Bay  
  15  0:47  SCV  
  16  1:02  SCV  
  17  1:28  Command Center  
  17  1:43  Barracks  
  17  1:47  SCV  
  18  1:58  Terran Infantry Weapons Level 1  
  18  1:59  SCV  
  19  2:12  SCV  
  20  2:25  SCV  
  21  2:36  Barracks, Marine  
  22  3:00  Planetary Fortress  
  22  3:05  Orbital Command  
  23  3:14  Barracks Reactor  
  22  3:26  Barracks Tech Lab  
  22  3:39  Refinery  
  22  3:41  SCV  
  23  3:53  SCV  
  24  4:13  SCV  
  25  4:22  Barracks  
  25  4:25  SCV  
  26  4:45  SCV  
  27  4:53  Barracks  
  27  4:58  SCV  
  27  5:10  SCV  
Show
View Real Time Build Order
Export as new Build Order

Hut Protoss 

Build Orders:  

Get SALT Encoding   

  12  0:02  Probe  
  13  0:14  Probe  
  14  0:20  Pylon  
  14  0:26  Probe  
  15  0:38  Probe  
  16  0:43  Gateway  
  16  0:50  Probe  
  16  0:56  Gateway  
  17  1:02  Probe  
  18  1:05  Assimilator  
  18  1:10  Pylon  
  18  1:17  Probe  
  19  1:32  Zealot  
  21  1:38  Cybernetics Core  
  21  1:42  Probe  
  22  1:52  Pylon  
  22  2:05  Gateway  
  22  2:11  Gateway  
  22  2:15  Probe  
  23  2:18  Twilight Council  
  23  2:20  Zealot  
  23  2:22  Zealot  
  27  2:32  Warp Gate  
  27  2:40  Pylon  
  27  2:48  Zealot  
  31  3:02  Assimilator  
  33  3:05  Zealot  
  33  3:10  Charge  
  31  3:21  Stalker  
  31  3:24  Zealot  
  35  3:37  Gateway  
  27  3:51  Zealot  
  22  4:00  Probe  
  11  4:03  Zealot x2  
Tags
 
Add a new tag
Caveats
  • Supply blocks, unpowered buildings, or Contaminate may cause inaccurate times.
  • Supply counts are checked every 10 seconds.